 Dungeon Crawl Stone Soup version 0.31-a0-180-g519b7de00c (webtiles) character file.

Game seed: 1680228113218934854

2262 qw the Skirmisher (level 9, -8/82 HPs)
             Began as a Naga Hunter on June 19, 2023.
             Mangled by a yak (11 damage)
             ... on level 6 of the Dungeon.
             The game lasted 00:01:46 (4171 turns).

qw the Skirmisher (Naga Hunter)                     Turns: 4171, Time: 00:01:47

Health: -8/82      AC:  6    Str: 19    XL:     9   Next: 38%
Magic:  9/9        EV: 11    Int: 10    God:
Gold:   188        SH:  0    Dex: 18    Spells: 8/8 levels left

rFire   + . .        d - +8 shortbow of Responsibility {drain, rF+ rN+ Str+5}
rCold   + . .        (shield currently unavailable)
rNeg    + . .        k - +1 robe {rC+}
rPois   +            (no helmet)
rElec   .            (no cloak)
rCorr   .            g - +0 pair of gloves
SInv    +            (no barding)
Will    +....        (no amulet)
Stlth   ++           (no ring)
HPRegen 0.33/turn    (no ring)
MPRegen 0.11/turn

%: no passive effects
@: about to teleport, short of breath, very slow
A: AC +3, large, see invisible, deformed body, poison resistance, slowness 2,
spit poison 1, naga tail 1
a: Spit Poison


You were on level 6 of the Dungeon.
You visited 1 branch of the dungeon, and saw 6 of its levels.

You collected 300 gold pieces.
You spent 112 gold pieces at shops.


Innate Abilities, Weirdness & Mutations

Your serpentine skin is tough. (AC +3)
You have supernaturally acute eyesight. (SInv)
Armour fits poorly on your strangely shaped body.
Your system is resistant to poisons. (rPois)
You cover ground very slowly.
You can spit poison.
You have a snake-like lower body.


   Skills:
 + Level 6.1 Fighting
 - Level 10.1 Ranged Weapons
 - Level 3.0 Dodging
 - Level 1.5 Stealth


You had 8 spell levels left.
You didn't know any spells.
Your spell library was empty.

Inventory:

Hand Weapons
 d - the +8 shortbow of Responsibility (weapon) {drain, rF+ rN+ Str+5}
   (You acquired it on level 2 of the Dungeon)

   Str:       It affects your strength (+5).
   rF:        It protects you from fire.
   rN:        It protects you from negative energy.
Armour
 g - a +0 pair of gloves (worn)
 h - a +1 leather armour of poison resistance
 k - a +1 robe of cold resistance (worn)
Scrolls
 a - a scroll of identify
 b - a scroll of teleportation
Potions
 c - 2 potions of curing
 e - a potion of cancellation
 f - a potion of might {unknown}
 l - a potion of resistance {unknown}

Dungeon Overview and Level Annotations

Branches:
Dungeon (6/15)
 Temple: D:4-7

Altars:
Sif Muna
Yredelemnul

Shops:
D:4 !


Message History

The splash of poison hits the yak but does no damage.
The yak is poisoned.
The yak is almost dead.
The yak barely misses you. The yak gores you! The yak barely misses you.
You shoot an arrow.
The arrow hits the yak but does no damage.
You drain the yak.
The yak is almost dead.
The yak closely misses you. The yak barely misses you. The yak misses you.
You shoot an arrow. The arrow hits the yak!
You kill the yak!
The yak gores you. x2
Your Ranged Weapons skill increases to level 10!
You shoot an arrow. The arrow hits the yak!
The yak is moderately wounded.
The yak closely misses you. The yak completely misses you.
You shoot an arrow. The arrow hits the yak!
You drain the yak.
The yak is heavily wounded.
The yak gores you. The yak closely misses you.
You shoot an arrow. The arrow hits the yak.
The yak is heavily wounded.
The yak closely misses you. The yak barely misses you.
You shoot an arrow. The arrow hits the yak!
The yak is almost dead.
You have got your breath back.
4169 ||| INVOKING Spit Poison.
Aiming: Spit Poison (1% risk of failure)
Press: ? - help, Shift-Dir - straight line, f/p - yak The splash of poison hits the yak but does no damage.
The yak is poisoned.
The yak is almost dead.
The yak gores you! The yak gores you but does no damage.
4170 ||| READING 2 scrolls of teleportation.
As you read the scroll of teleportation, it crumbles to dust.
You feel strangely unstable. The yak gores you! x2
You shoot an arrow. The arrow hits the yak.
The yak is almost dead.
The yak gores you but does no damage. The yak gores you!
You die...

##.## #.# #..##### #.#
#....... #.# #.######
#.# #.# #
#.########.#### #
#.............# #
########..#######.##.###
......Y@..## #.......#
######Y%...# #..##)#.#
##...## #...).... ##.##
#.##)##.# #.# #.##.##.#
#.# #.......# ##'##
####.#### ##...## #.#
##.....## ##.#


You could see 2 yaks.

Vanquished Creatures
  7 yaks
  Edmund (D:6)
  An ice beast (D:4)
  A black bear (D:5)
  An orc warrior (D:6)
  An ogre (D:4)
  A gnoll sergeant (D:5)
  A scorpion (D:5)
  A howler monkey (D:5)
  2 hounds
  2 jellies
  An orc priest (D:4)
  A sleepcap (D:6)
  Jessica (D:3)
  5 orc wizards
  10 adders
  5 gnolls (D:5)
  2 white imps
  3 worms
  A dart slug (D:3)
  31 orcs
  8 endoplasms
  3 giant cockroaches
  9 goblins
  5 hobgoblins
  4 jackals (D:4)
  2 quokkas
  8 ball pythons
  6 bats (D:1)
  A frilled lizard (D:1)
  10 kobolds
  3 rats
138 creatures vanquished.

Notes
Turn   | Place    | Note
-------+----------+-------------------------------------------
     0 | D:1      | qw the Naga Hunter began the quest for the Orb.
     0 | D:1      | Reached XP level 1. HP: 19/19 MP: 1/1
     0 | D:1      | 0 ||| qw: Version: 0.3-a-7-ge0c9b40
     0 | D:1      | 0 ||| qw: Game counter: 1022
     0 | D:1      | 0 ||| qw: Always use a shield: true
     0 | D:1      | 0 ||| qw: God list: Okawaru
     0 | D:1      | 0 ||| qw: Allow faded altars: false
     0 | D:1      | 0 ||| qw: Do Orc after D:15 true
     0 | D:1      | 0 ||| qw: Do second Lair branch before Depths: true
     0 | D:1      | 0 ||| qw: Lair rune preference: random
     0 | D:1      | 0 ||| qw: Plans: Normal
     0 | D:1      | 0 ||| PLANNING D:1-11
    59 | D:1      | 59 ||| INVOKING Spit Poison.
   104 | D:1      | 104 ||| INVOKING Spit Poison.
   108 | D:1      | 108 ||| INVOKING Spit Poison.
   148 | D:1      | 148 ||| INVOKING Spit Poison.
   151 | D:1      | 151 ||| INVOKING Spit Poison.
   166 | D:1      | 166 ||| INVOKING Spit Poison.
   224 | D:1      | 224 ||| INVOKING Spit Poison.
   228 | D:1      | Reached skill level 4 in Ranged Weapons
   228 | D:1      | Reached XP level 2. HP: 26/26 MP: 2/2
   240 | D:1      | 240 ||| INVOKING Spit Poison.
   250 | D:1      | 250 ||| INVOKING Spit Poison.
   254 | D:1      | 254 ||| INVOKING Spit Poison.
   561 | D:1      | 561 ||| INVOKING Spit Poison.
   648 | D:1      | 648 ||| INVOKING Spit Poison.
   655 | D:1      | 655 ||| INVOKING Spit Poison.
   677 | D:1      | 677 ||| INVOKING Spit Poison.
   678 | D:1      | 678 ||| INVOKING Spit Poison.
   684 | D:1      | 684 ||| INVOKING Spit Poison.
   690 | D:1      | 690 ||| INVOKING Spit Poison.
   810 | D:1      | 810 ||| UPGRADING to +0 pair of gloves.
   815 | D:1      | 815 ||| READING scroll labelled HEOLLEQIFU.
   816 | D:1      | 816 ||| READING scroll labelled XOTEXT KUALIAG.
   819 | D:1      | 819 ||| DROPPING scroll of butterflies.
   833 | D:2      | 833 ||| INVOKING Spit Poison.
   834 | D:2      | Reached XP level 3. HP: 32/32 MP: 3/3
   880 | D:2      | 880 ||| INVOKING Spit Poison.
   915 | D:2      | 915 ||| INVOKING Spit Poison.
   921 | D:2      | 921 ||| INVOKING Spit Poison.
   925 | D:2      | 925 ||| INVOKING Spit Poison.
  1017 | D:2      | 1017 ||| INVOKING Spit Poison.
  1071 | D:2      | 1071 ||| INVOKING Spit Poison.
  1093 | D:2      | 1093 ||| INVOKING Spit Poison.
  1246 | D:2      | 1246 ||| INVOKING Spit Poison.
  1250 | D:2      | 1250 ||| INVOKING Spit Poison.
  1289 | D:2      | 1289 ||| INVOKING Spit Poison.
  1295 | D:2      | 1295 ||| INVOKING Spit Poison.
  1378 | D:2      | Found a faded altar of an unknown god.
  1568 | D:2      | 1568 ||| READING 3 scrolls labelled NIOCEFF LEYMU.
  1569 | D:2      | 1569 ||| READING scroll labelled LUORYCKURUR.
  1569 | D:2      | Identified a scroll of acquirement
  1569 | D:2      | 1569 ||| ACQUIRING +8 shortbow of Responsibility {drain,
                  | rF+ rN+ Str+5}
  1569 | D:2      | Acquired the +8 shortbow of Responsibility {drain, rF+ rN+
                  | Str+5}
  1571 | D:2      | 1571 ||| SWAPPING to +8 shortbow of Responsibility {drain,
                  | rF+ rN+ Str+5}.
  1572 | D:2      | 1572 ||| DROPPING +0 shortbow.
  1573 | D:2      | 1573 ||| READING scroll labelled USHEIMAEXAO.
  1574 | D:2      | 1574 ||| READING scroll labelled UNYREUKHLOC.
  1575 | D:2      | 1575 ||| READING 2 scrolls of identify.
  1575 | D:2      | 1575 ||| IDENTIFYING fizzy clear potion
  1576 | D:2      | 1576 ||| DROPPING potion of magic.
  1731 | D:3      | Reached skill level 5 in Ranged Weapons
  1749 | D:3      | Reached XP level 4. HP: 39/39 MP: 4/4
  1793 | D:3      | 1793 ||| INVOKING Spit Poison.
  1801 | D:3      | 1801 ||| INVOKING Spit Poison.
  1907 | D:3      | Noticed Jessica
  1912 | D:3      | Killed Jessica
  1919 | D:3      | Found a shimmering blue altar of Sif Muna.
  1959 | D:3      | 1959 ||| INVOKING Spit Poison.
  1962 | D:3      | Reached skill level 3 in Fighting
  1987 | D:3      | 1987 ||| INVOKING Spit Poison.
  2040 | D:3      | Reached XP level 5. HP: 49/49 MP: 5/5
  2062 | D:3      | 2062 ||| INVOKING Spit Poison.
  2067 | D:3      | 2067 ||| INVOKING Spit Poison.
  2095 | D:3      | 2095 ||| INVOKING Spit Poison.
  2175 | D:3      | 2175 ||| INVOKING Spit Poison.
  2390 | D:3      | 2390 ||| INVOKING Spit Poison.
  2471 | D:3      | 2471 ||| UPGRADING to +1 robe of cold resistance.
  2481 | D:3      | 2481 ||| DROPPING +0 leather armour.
  2482 | D:3      | 2482 ||| READING scroll labelled ZONEKHL RIMUETU.
  2483 | D:3      | 2483 ||| READING scroll labelled XAAGGOCVINN.
  2584 | D:3      | 2584 ||| DRINKING 2 fizzy grey potions.
  2585 | D:3      | 2585 ||| DRINKING 2 inky potions.
  2586 | D:3      | 2586 ||| READING 3 scrolls of identify.
  2586 | D:3      | 2586 ||| IDENTIFYING green potion
  2587 | D:3      | 2587 ||| READING 2 scrolls of identify.
  2587 | D:3      | 2587 ||| IDENTIFYING grey potion
  2588 | D:3      | 2588 ||| DROPPING potion of berserk rage.
  2589 | D:3      | 2589 ||| DROPPING potion of attraction.
  2590 | D:3      | 2590 ||| DROPPING potion of invisibility.
  2610 | D:4      | 2610 ||| INVOKING Spit Poison.
  2616 | D:4      | 2616 ||| INVOKING Spit Poison.
  2632 | D:4      | 2632 ||| INVOKING Spit Poison.
  2639 | D:4      | 2639 ||| INVOKING Spit Poison.
  2658 | D:4      | 2658 ||| INVOKING Spit Poison.
  2664 | D:4      | Reached skill level 6 in Ranged Weapons
  2665 | D:4      | 2665 ||| INVOKING Spit Poison.
  2673 | D:4      | 2673 ||| INVOKING Spit Poison.
  2677 | D:4      | 2677 ||| INVOKING Spit Poison.
  2687 | D:4      | 2687 ||| INVOKING Spit Poison.
  2690 | D:4      | Reached XP level 6. HP: 56/56 MP: 6/6
  2693 | D:4      | 2693 ||| INVOKING Spit Poison.
  2710 | D:4      | 2710 ||| INVOKING Spit Poison.
  2719 | D:4      | 2719 ||| INVOKING Spit Poison.
  2743 | D:4      | Found Baiwkom's Distillery.
  2759 | D:4      | 2759 ||| BUYING potion of cancellation (112 gold).
  2759 | D:4      | Bought a potion of cancellation for 112 gold pieces
  2759 | D:4      | 2759 ||| SHOPLISTING potion of curing (42 gold, have 34).
  2759 | D:4      | 2759 ||| SHOPLISTING potion of might (56 gold, have 34).
  2759 | D:4      | 2759 ||| SHOPLISTING potion of resistance (140 gold, have
                  | 34).
  2764 | D:4      | 2764 ||| INVOKING Spit Poison.
  2798 | D:4      | 2798 ||| INVOKING Spit Poison.
  2868 | D:4      | 2868 ||| INVOKING Spit Poison.
  2889 | D:4      | 2889 ||| INVOKING Spit Poison.
  2890 | D:4      | 2890 ||| DRINKING potion of curing.
  2890 | D:4      | 2890 ||| (to cure confusion)
  2894 | D:4      | 2894 ||| INVOKING Spit Poison.
  2900 | D:4      | 2900 ||| INVOKING Spit Poison.
  3042 | D:4      | 3042 ||| DROPPING scarf of harm.
  3057 | D:5      | Entered Level 5 of the Dungeon
  3058 | D:5      | 3058 ||| INVOKING Spit Poison.
  3066 | D:5      | Noticed a black bear
  3068 | D:5      | Killed a black bear
  3069 | D:5      | Reached XP level 7. HP: 64/64 MP: 7/7
  3149 | D:5      | Noticed a yak
  3150 | D:5      | 3150 ||| INVOKING Spit Poison.
  3153 | D:5      | 3153 ||| INVOKING Spit Poison.
  3159 | D:5      | Killed a yak
  3160 | D:5      | Reached skill level 7 in Ranged Weapons
  3213 | D:5      | Noticed a yak
  3214 | D:5      | Noticed a yak
  3216 | D:5      | 3216 ||| INVOKING Spit Poison.
  3218 | D:5      | 3218 ||| Stepping ~*~*~tactically~*~*~ (outnumbered).
  3222 | D:5      | 3222 ||| INVOKING Spit Poison.
  3223 | D:5      | 3223 ||| Stepping ~*~*~tactically~*~*~ (outnumbered).
  3225 | D:5      | Killed a yak
  3228 | D:5      | 3228 ||| INVOKING Spit Poison.
  3231 | D:5      | Reached skill level 8 in Ranged Weapons
  3233 | D:5      | Killed a yak
  3234 | D:5      | Reached XP level 8. HP: 44/74 MP: 8/8
  3234 | D:5      | 3234 ||| INVOKING Spit Poison.
  3243 | D:5      | 3243 ||| INVOKING Spit Poison.
  3246 | D:5      | 3246 ||| INVOKING Spit Poison.
  3249 | D:5      | 3249 ||| INVOKING Spit Poison.
  3257 | D:5      | 3257 ||| INVOKING Spit Poison.
  3261 | D:5      | 3261 ||| INVOKING Spit Poison.
  3269 | D:5      | 3269 ||| INVOKING Spit Poison.
  3317 | D:5      | 3317 ||| FLEEEEING.
  3324 | D:5      | 3324 ||| FLEEEEING.
  3325 | D:5      | 3325 ||| STAIRDANCE
  3384 | D:5      | 3384 ||| STAIRDANCE
  3463 | D:5      | 3463 ||| INVOKING Spit Poison.
  3468 | D:5      | 3468 ||| INVOKING Spit Poison.
  3482 | D:5      | Reached skill level 9 in Ranged Weapons
  3615 | D:5      | 3615 ||| FLEEEEING.
  3616 | D:5      | 3616 ||| FLEEEEING.
  3617 | D:5      | 3617 ||| FLEEEEING.
  3618 | D:5      | 3618 ||| FLEEEEING.
  3619 | D:5      | 3619 ||| FLEEEEING.
  3620 | D:5      | 3620 ||| FLEEEEING.
  3622 | D:5      | 3622 ||| STAIRDANCE
  3726 | D:5      | 3726 ||| STAIRDANCE
  3728 | D:4      | 3728 ||| INVOKING Spit Poison.
  3965 | D:6      | Found a basalt altar of Yredelemnul.
  3968 | D:6      | Noticed a profane servitor
  3991 | D:6      | 3991 ||| INVOKING Spit Poison.
  4000 | D:6      | 4000 ||| INVOKING Spit Poison.
  4062 | D:6      | 4062 ||| INVOKING Spit Poison.
  4062 | D:6      | Noticed Edmund
  4066 | D:6      | 4066 ||| Stepping ~*~*~tactically~*~*~ (outnumbered).
  4069 | D:6      | 4069 ||| INVOKING Spit Poison.
  4073 | D:6      | Reached skill level 6 in Fighting
  4076 | D:6      | 4076 ||| INVOKING Spit Poison.
  4076 | D:6      | Killed Edmund
  4077 | D:6      | Reached XP level 9. HP: 67/82 MP: 9/9
  4080 | D:6      | 4080 ||| INVOKING Spit Poison.
  4081 | D:6      | Reached skill level 3 in Dodging
  4144 | D:6      | 4144 ||| INVOKING Spit Poison.
  4147 | D:6      | 4147 ||| INVOKING Spit Poison.
  4152 | D:6      | 4152 ||| INVOKING Spit Poison.
  4156 | D:6      | 4156 ||| INVOKING Spit Poison.
  4162 | D:6      | 4162 ||| INVOKING Spit Poison.
  4165 | D:6      | Reached skill level 10 in Ranged Weapons
  4169 | D:6      | 4169 ||| INVOKING Spit Poison.
  4169 | D:6      | HP: 19/82 [yak (9)]
  4170 | D:6      | 4170 ||| READING 2 scrolls of teleportation.
  4170 | D:6      | HP: 3/82 [yak (7)]
  4171 | D:6      | Mangled by a yak

Levels and vault maps discovered:
D:1:      lemuel_arrival_hallway, layout_loops_corners
D:2:      layout_rooms, shapermc_ecumenical_altar_flowoftime
D:3:      layout_loops_corners, tgw_sif, serial_rivers,
          chequers_serial_rivers_large_b, chequers_serial_rivers_micro_c,
          chequers_serial_rivers_small_a, chequers_serial_rivers_micro_a
D:4:      layout_cave_pools, serial_shops, nicolae_shop_industrial_runoff
D:5:      layout_cave_pools
D:6:      layout_loops_corners, grunt_temple_overflow_holy_war,
          hellmonk_guarded_unrand_hermit, uniq_edmund

Skill      XL: |  1  2  3  4  5  6  7  8  9 |
---------------+----------------------------+-----
Ranged Weapons | 4 5 6 8 9 10 | 10.1
Fighting       | 3 4 5 6 |  6.1
Dodging        | 2 3 |  3.0
Stealth        | |  1.5

Action                     |  1- 3 |  4- 6 |  7- 9 || total
---------------------------+-------+-------+-------++-------
   Fire: Shortbow          |    62 |    81 |   121 ||   264
Ability: Spit Poison       |    28 |    28 |    27 ||    83
    Use: Scroll            |     7 |     4 |     1 ||    12
         Potion            |       |     3 |       ||     3
 Armour: Leather armour    |     8 |     2 |       ||    10
         Robe              |       |     5 |     9 ||    14
  Dodge: Dodged            |    13 |     8 |    42 ||    63

Table legend:
 A = Non-vault XP
 B = Vault XP
 C = Vault XP percentage of total XP
 D = Non-vault monster count
 E = Vault monster count
 F = Vault count percentage of total count
                 A         B        C        D         E       F
            +---------+---------+-------+---------+---------+-------
      Total |    3029 |     203 |   6.3 |     136 |       2 |   1.4
            +---------+---------+-------+---------+---------+-------
        D:1 |      32 |       0 |   0.0 |      21 |       0 |   0.0
        D:2 |      41 |       0 |   0.0 |      12 |       0 |   0.0
        D:3 |      86 |      37 |  30.1 |      20 |       1 |   4.8
        D:4 |     597 |       0 |   0.0 |      42 |       0 |   0.0
        D:5 |    1216 |       0 |   0.0 |      27 |       0 |   0.0
        D:6 |    1057 |     166 |  13.6 |      14 |       1 |   6.7
            +---------+---------+-------+---------+---------+-------
